 Dungeon Crawl Stone Soup version 0.23.2-1-ga50397a (webtiles) character file.

Game seed: 13364971072780278347

270 schauveau the Archer (level 6, 0/48 HPs)
             Began as a Centaur Hunter on Apr 25, 2019.
             Slain by a centaur (8 damage)
             ... on level 4 of the Dungeon.
             The game lasted 00:03:36 (1565 turns).

schauveau the Archer (Centaur Hunter)               Turns: 1565, Time: 00:03:37

Health: 0/48       AC:  6    Str: 14    XL:     6   Next: 1%
Magic:  6/6        EV:  9    Int: 13    God:
Gold:   29         SH:  0    Dex: 12    Spells: 5/5 levels left

rFire    . . .     SeeInvis .   b - +0 trident
rCold    . . .     Gourm    .   (no shield)
rNeg     . . .     Faith    .   c - +0 leather armour
rPois    .         Spirit   .   m - +1 helmet {Int+3}
rElec    .         Reflect  .   (no cloak)
rCorr    .         Harm     .   (no gloves)
MR       .....                  (no barding)
Stlth    +.........             (no amulet)
HPRegen  0.16/turn              (no ring)
MPRegen  0.10/turn              (no ring)

@: very quick
A: large, hooves 3, deformed body, speed 2, tough skin 3
a: no special abilities


You were on level 4 of the Dungeon.
You were not hungry.

You visited 1 branch of the dungeon, and saw 4 of its levels.

You collected 29 gold pieces.

Inventory:

Hand Weapons
 a - a +1 shortbow
 b - a +0 trident (weapon)
 k - a +0 short sword
Missiles
 d - 8 arrows
Armour
 c - a +0 leather armour (worn)
 m - a +1 helmet of intelligence (worn)
Jewellery
 g - an uncursed ring of positive energy {unknown}
Wands
 h - a wand of polymorph (7)
Scrolls
 e - a scroll of teleportation {unknown}
 j - a scroll of random uselessness {unknown}
 l - 2 scrolls of blinking {unknown}
Potions
 i - a potion of curing {unknown}
Comestibles
 f - a ration


   Skills:
 - Level 2.0 Fighting
 * Level 9.6 Bows
 - Level 1.3 Dodging
 - Level 0.4 Stealth


You had 5 spell levels left.
You didn't know any spells.
Your spell library was empty.

Dungeon Overview and Level Annotations

Branches:
Dungeon (4/15)
 Temple: D:4-7

Altars:
Sif Muna
Yredelemnul

Annotations:
D:1 1 runed translucent door


Innate Abilities, Weirdness & Mutations

You have hooves in place of feet.
Armour fits poorly on your strangely shaped body.
You cover ground very quickly.
You have extremely tough skin. (AC +3)


Message History

You are too injured to fight recklessly!
The centaur unwields a +0 shortbow.
The centaur hits you.
You hit the centaur.
The centaur is lightly wounded.
The centaur closely misses you. The centaur hits you.
* * * LOW HITPOINT WARNING * * *
You puncture the centaur! Your kick misses the centaur.
The centaur is moderately wounded.
The centaur barely misses you. The centaur hits you.
* * * LOW HITPOINT WARNING * * *
You barely miss the centaur.
The centaur is moderately wounded.
The centaur closely misses you. x2
You barely miss the centaur.
The centaur is moderately wounded.
The centaur hits you but does no damage. x2
You hit the centaur.
The centaur is heavily wounded.
The centaur closely misses you. The centaur hits you!
You die...

##.###.#.....####.#.#.#.#.# #.#
##...##.###).............# #.#
#.....#.#?#......#####...# #.#
#.###....###........)....## #.#
.####.............######## #.# [
#....###..#.....## #.# #.##.#
#.####(...# ########.#
.##(##.###.# #.c..# #........#
..(.(.cs(s.####.@..####.########
.......######...<.....#.## #8##
###.#### #.........#..##8...8
#.# #....(.......##..... #.#
####....####.#>..... #.# #....#
#.##..... #.# #....# #.##8...8
####.# #.# ##8## #.# #.# ##


You could see a centaur.

Vanquished Creatures
  A phantom (D:4)
  An ogre (D:4)
  A scorpion (D:3)
  Robin (D:4)
  2 adders (D:4)
  An orc (D:3)
  12 goblins
  2 hobgoblins
  A quokka (D:3)
22 creatures vanquished.

Notes
Turn   | Place    | Note
-------+----------+-------------------------------------------
     0 | D:1      | schauveau the Centaur Hunter began the quest for the Orb.
     0 | D:1      | Reached XP level 1. HP: 17/17 MP: 1/1
     4 | D:1      | Found a runed translucent door.
    27 | D:2      | Found a deep blue altar of Sif Muna.
    27 | D:2      | Found a basalt altar of Yredelemnul.
    77 | D:2      | Noticed a worker ant
   221 | D:4      | Noticed an iguana
   402 | D:4      | Reached skill level 6 in Bows
   402 | D:4      | Reached XP level 2. HP: 24/24 MP: 2/2
   416 | D:4      | Noticed an ogre
   426 | D:4      | Killed an ogre
   426 | D:4      | Reached skill level 7 in Bows
   426 | D:4      | Reached XP level 3. HP: 29/29 MP: 3/3
   426 | D:4      | Reached XP level 4. HP: 36/36 MP: 4/4
   516 | D:4      | Noticed a phantom
   539 | D:4      | Killed a phantom
   539 | D:4      | Reached skill level 8 in Bows
   539 | D:4      | Reached XP level 5. HP: 21/41 MP: 5/5
   607 | D:4      | Reached skill level 9 in Bows
   640 | D:4      | Noticed Robin
   684 | D:4      | HP: 1/41 [goblin/+0 club[Robin] (3)]
  1004 | D:4      | Killed Robin
  1038 | D:4      | Noticed a centaur
  1051 | D:4      | HP: 2/41 [centaur/arrow (5)]
  1385 | D:3      | Reached XP level 6. HP: 24/48 MP: 6/6
  1565 | D:4      | Slain by a centaur

Skill      XL: |  1  2  3  4  5 |
---------------+----------------+-----
Bows           | 6 7 8 9 |  9.6
Fighting       | |  2.0
Dodging        | |  1.3
Stealth        | |  0.4

Action                   |  1- 3 |  4- 6 || total
-------------------------+-------+-------++-------
Melee: Short sword       |    13 |       ||    13
       Kick              |     4 |     2 ||     6
       Trident           |     2 |    25 ||    27
 Fire: Shortbow          |    10 |    50 ||    60
  Eat: Ration            |       |     1 ||     1
Armor: Leather armour    |     2 |    18 ||    20
Dodge: Dodged            |     9 |    26 ||    35
